Map: Whirlwind LE (Void)

Players

Juxtapose - Winner!

  • Race: Protoss Protoss
  • Spawn Location: 11:00

A.I. 1 (Hard)

  • Race: Protoss Protoss
  • Spawn Location: 7:00

VOD

https://youtu.be/UcH10PuVFq4

Description

My first non-qualification match against the Versus AI, and the game determined that Hard is the difficulty I should be playing at.

Time

  • Played on: Dec. 1, 2016, 9:26 p.m.
  • Length: 11:12
Show
View Real Time Build Order
Export as new Build Order

Juxtapose Protoss - Winner!

Build Orders:  

Get SALT Encoding   

  12  0:01  Probe (Chrono Boost)  
  13  0:14  Pylon  
  13  0:19  Probe (Chrono Boost)  
  14  0:29  Probe (Chrono Boost)  
  15  0:39  Gateway  
  15  0:40  Probe (Chrono Boost)  
  16  0:47  Pylon  
  16  0:50  Probe (Chrono Boost)  
  17  1:01  Probe (Chrono Boost)  
  17  1:02  Assimilator  
  18  1:11  Probe (Chrono Boost)  
  18  1:15  Assimilator  
  19  1:22  Probe (Chrono Boost)  
  20  1:27  Zealot  
  23  1:33  Probe (Chrono Boost)  
  23  1:39  Cybernetics Core  
  23  1:43  Probe (Chrono Boost)  
  24  1:52  Zealot  
  24  1:53  Pylon  
  26  2:09  Pylon  
  26  2:15  Forge  
  26  2:16  Zealot  
  26  2:17  Probe (Chrono Boost), Warp Gate  
  29  2:30  Gateway  
  29  2:42  Adept  
  31  3:02  Protoss Ground Weapons Level 1  
  31  3:11  Adept  
  31  3:12  Pylon  
  33  3:21  Stalker  
  35  3:30  Robotics Facility  
  35  3:45  Stalker  
  33  3:51  Stalker  
  37  4:02  Nexus  
  37  4:10  Pylon  
  37  4:13  Pylon  
  37  4:23  Mothership Core (Chrono Boost)  
  39  4:43  Photon Cannon  
  39  4:47  Photon Cannon  
  39  4:55  Immortal  
  43  5:12  Twilight Council  
  43  5:14  Protoss Ground Armor Level 1  
  43  5:17  Probe (Chrono Boost)  
  44  5:26  Sentry  
  44  5:27  Sentry  
  48  5:36  Gateway  
  48  5:45  Probe (Chrono Boost)  
  49  5:56  Probe (Chrono Boost)  
  50  6:04  Immortal  
  50  6:06  Probe (Chrono Boost)  
  50  6:11  Stalker  
  57  6:17  Probe (Chrono Boost)  
  58  6:27  Probe (Chrono Boost)  
  59  6:38  Warp Prism  
  51  6:47  Zealot  
  51  6:48  Zealot x2  
  55  6:59  Charge  
  55  7:09  Probe (Chrono Boost), Immortal  
  60  7:19  Probe (Chrono Boost)  
  61  7:23  Sentry  
  61  7:25  Stalker  
  61  7:26  Zealot  
  67  7:39  Probe (Chrono Boost)  
  67  7:42  Assimilator  
  68  7:46  Assimilator  
  68  7:50  Probe (Chrono Boost)  
  69  8:00  Probe (Chrono Boost)  
  70  8:11  Probe (Chrono Boost)  
  71  8:12  Zealot  
  71  8:13  Stalker  
  71  8:14  Zealot  
  77  8:21  Probe (Chrono Boost)  
  78  8:37  Zealot, Stalker  
  78  8:39  Blink  
  74  8:58  Zealot x2  
  74  9:01  Zealot  
  72  9:23  Immortal  
  76  9:33  Stalker  
  76  9:34  Stalker x2  
  78  9:57  Immortal  
  76  10:11  Stalker x3  
  80  10:46  Zealot  
  80  10:47  Zealot  
  80  10:48  Sentry  
Show
View Real Time Build Order
Export as new Build Order

A.I. 1 (Hard) Protoss 

Build Orders:  

Get SALT Encoding   

  12  0:01  Probe (Chrono Boost)  
  13  0:11  Probe (Chrono Boost)  
  14  0:20  Pylon  
  14  0:22  Probe (Chrono Boost)  
  15  0:38  Probe (Chrono Boost)  
  16  0:47  Assimilator  
  16  0:49  Probe (Chrono Boost)  
  17  0:50  Gateway  
  17  0:59  Probe (Chrono Boost)  
  17  1:01  Pylon  
  18  1:10  Probe (Chrono Boost)  
  19  1:22  Probe (Chrono Boost)  
  20  1:36  Zealot  
  22  1:41  Cybernetics Core  
  22  1:44  Gateway  
  22  1:45  Assimilator  
  22  2:01  Pylon  
  22  2:13  Warp Gate  
  22  2:17  Adept  
  24  2:29  Zealot  
  26  2:39  Pylon  
  26  2:43  Adept  
  28  2:55  Adept  
  30  3:10  Adept  
  32  3:19  Pylon  
  33  3:20  Stalker  
  33  3:21  Probe (Chrono Boost)  
  35  3:33  Probe (Chrono Boost)  
  36  3:35  Adept  
  36  3:40  Forge  
  38  3:44  Probe (Chrono Boost)  
  39  3:49  Adept  
  42  3:56  Probe (Chrono Boost)  
  42  4:01  Adept  
  42  4:07  Probe (Chrono Boost)  
  45  4:18  Probe (Chrono Boost)  
  46  4:24  Stalker  
  48  5:52  Protoss Ground Weapons Level 1  
  48  5:57  Sentry  
  48  5:59  Gateway  
  48  6:02  Pylon  
  50  6:05  Photon Cannon  
  50  6:06  Nexus  
  50  6:07  Photon Cannon, Sentry  
  50  6:10  Robotics Facility  
  52  6:13  Stargate  
  52  6:17  Twilight Council  
  52  6:19  Stalker  
  52  6:20  Forge  
  54  6:25  Pylon  
  54  6:29  Stalker  
  52  6:42  Zealot  
  52  6:46  Protoss Ground Armor Level 1  
  46  6:51  Zealot  
  38  6:56  Observer  
  38  7:00  Adept  
  41  7:10  Adept  
  43  7:17  Observer  
  43  7:19  Adept  
  43  7:21  Probe (Chrono Boost)  
  47  7:26  Probe (Chrono Boost)  
  47  7:28  Adept, Assimilator  
  50  7:33  Probe (Chrono Boost)  
  52  7:37  Adept, Probe (Chrono Boost)  
  52  7:44  Probe (Chrono Boost)  
  55  7:47  Adept  
  55  7:48  Probe (Chrono Boost)  
  58  7:54  Pylon  
  58  7:55  Probe (Chrono Boost)  
  58  7:56  Stalker  
  61  7:59  Pylon  
  61  8:00  Probe (Chrono Boost)  
  62  8:05  Stalker  
  62  8:06  Probe (Chrono Boost)  
  62  8:12  Probe (Chrono Boost)  
  66  8:18  Probe (Chrono Boost)  
  67  8:20  Photon Cannon  
  67  8:23  Probe (Chrono Boost), Photon Cannon  
  68  8:29  Probe (Chrono Boost)  
  68  8:34  Probe (Chrono Boost)  
  70  8:39  Probe (Chrono Boost)  
  71  8:44  Probe (Chrono Boost)  
  71  8:48  Stalker  
  74  8:51  Zealot  
  74  8:55  Stalker  
  54  9:03  Void Ray  
  54  9:10  Zealot  
  54  9:13  Stalker  
  53  9:17  Stalker  
  47  9:29  Stalker  
  36  9:35  Zealot  
  34  9:55  Probe (Chrono Boost)  
  31  10:06  Probe (Chrono Boost)  
  20  10:15  Templar Archives  
  20  10:35  Pylon  
  19  10:44  Probe (Chrono Boost)  
  19  10:46  Pylon  
  16  10:51  High Templar  
  16  10:55  Probe (Chrono Boost)  
Tags
 
Add a new tag
Caveats
  • Supply blocks, unpowered buildings, or Contaminate may cause inaccurate times.
  • Supply counts are checked every 10 seconds.